 Dungeon Crawl Stone Soup version 0.23-a0-270-gab6feb3 (webtiles) character file.

10122 tilp the Impaler (level 11, -2/78 HPs)
             Began as a Merfolk Ice Elementalist on Sept 30, 2018.
             Was an Elder of Makhleb.
             Killed by divine providence
             ... invoked by an orc priest
              (12 damage)
             ... on level 10 of the Dungeon on Oct 1, 2018.
             The game lasted 00:50:00 (13460 turns).

tilp the Impaler (Merfolk Ice Elementalist)        Turns: 13460, Time: 00:50:01

Health: -2/78      AC: 16    Str:  9    XL:     11   Next: 57%
Magic:  16/20      EV: 16    Int: 18    God:    Makhleb [****..]
Gold:   0          SH:  0    Dex: 14    Spells: 12/22 levels left

rFire    + . .     SeeInvis .   o - +1 halberd (chop)
rCold    . . .     Gourm    .   (shield currently unavailable)
rNeg     + . .     Faith    .   P - +1 robe {rN+}
rPois    .         Spirit   .   w - +0 helmet
rElec    .         Reflect  .   m - scarf {repulsion}
rCorr    .         Harm     .   C - +1 pair of gloves
MR       +....                  v - +2 pair of boots
Stlth    ++........             (no amulet)
HPRegen  0.23/turn              N - ring of protection from magic
MPRegen  0.17/turn              r - ring of protection from fire

@: icy armour, repel missiles
A: change form in water, swift swim, stealthy swim
a: Minor Destruction, Lesser Servant of Makhleb, Major Destruction, Renounce
Religion


You were on level 10 of the Dungeon.
You worshipped Makhleb.
Makhleb was greatly pleased with you.
You were not hungry.

You visited 2 branches of the dungeon, and saw 11 of its levels.
You also visited: Ossuary and Bailey.

You collected 889 gold pieces.
You spent 889 gold pieces at shops.

Inventory:

Hand Weapons
 o - a +1 halberd of chopping (weapon)
 L - the +11 whip of Tirphomea {flame, rC+ Stlth+, unknown}
   (You found it on level 8 of the Dungeon)

   It has been specially enchanted to burn those struck by it, causing extra
   injury to most foes and up to half again as much damage against particularly
   susceptible opponents.
   It protects you from cold.
   It makes you more stealthy.
Missiles
 u - 2 throwing nets
 y - 47 tomahawks of returning (quivered)
Armour
 a - a cursed +0 leather armour
 d - a cursed +0 leather armour
 m - a scarf of repulsion (worn)
 v - a +2 pair of boots (worn)
 w - a +0 helmet (worn)
 C - a +1 pair of gloves (worn)
 M - the +13 plate armour of Fusifi {rF+ rC+, unknown}
   (You took it off a kobold in a bailey)

   It protects you from fire.
   It protects you from cold.
 P - a +1 robe of positive energy (worn)
Jewellery
 q - an uncursed ring of resist corrosion
 r - a ring of protection from fire (right hand)
 G - an uncursed amulet of faith
 N - a ring of protection from magic (left hand)
 Q - an uncursed ring of magical power
Wands
 p - a wand of digging (12)
 s - a wand of iceblast (5)
 z - a wand of paralysis (7)
 E - a wand of enslavement (6)
 K - a wand of scattershot (5)
Scrolls
 f - a scroll of fog
 h - 3 scrolls of teleportation
 i - a scroll of enchant weapon
 B - a scroll of remove curse
 D - a scroll of amnesia {unknown}
 F - a scroll of torment {unknown}
 J - a scroll of brand weapon {unknown}
Potions
 b - 5 potions of flight
 e - 3 potions of lignification
 g - 3 potions of agility
 j - 3 potions of cancellation
 l - a potion of resistance {unknown}
 n - 3 potions of haste {unknown}
 t - 6 potions of curing
 x - 2 potions of heal wounds
 A - a potion of magic {unknown}
 H - 2 potions of ambrosia
 I - 2 potions of invisibility
 S - a potion of mutation
 T - a potion of brilliance
Miscellaneous
 k - a phantom mirror
 O - a box of beasts
Comestibles
 c - 23 rations
 R - 8 chunks of flesh


   Skills:
 + Level 4.7 Fighting
 - Level 16.1 Polearms
 + Level 6.5 Dodging
 - Level 2.1 Stealth
 - Level 6.0 Spellcasting
 - Level 2.2 Conjurations
 - Level 4.2 Charms
 * Level 6.6 Ice Magic
 - Level 5.0 Invocations
 - Level 4.0 Evocations


You had 12 spell levels left.
You knew the following spells:

 Your Spells              Type           Power        Failure   Level  Hunger
a - Freeze                Ice            ####         1%          1    None
b - Throw Frost           Conj/Ice       ###...       3%          2    None
c - Ozocubu's Armour      Chrm/Ice       ####....     3%          3    ##.....
d - Throw Icicle          Conj/Ice       ###.....     19%         4    ####...

Your spell library contained the following spells:

 Spells                   Type           Power        Failure   Level  Hunger
 Ensorcelled Hibernation  Hex/Ice        ###...       4%          2    None
 Animate Skeleton         Necr           N/A          12%         1    None
 Apportation              Tloc           #.....       12%         1    None
 Confusing Touch          Hex            #.....       12%         1    None
 Corona                   Hex            #......      12%         1    None
 Summon Small Mammal      Summ           #...         12%         1    None
 Dazzling Spray           Conj/Hex       #.....       22%         3    ##.....
 Summon Ice Beast         Ice/Summ       ###.....     30%         4    ####...
 Confuse                  Hex            #.......     34%         3    ##.....
 Tukima's Dance           Hex            #.......     34%         3    ##.....
 Irradiate                Conj/Tmut      #.........   91%         5    #####..
 Hydra Form               Tmut           #.........   100%        6    #######
 Statue Form              Tmut/Erth      #........    100%        6    #######
 Dragon Form              Tmut           #.........   100%        7    #######


Dungeon Overview and Level Annotations

Branches:
Dungeon (10/15)            Temple (1/1) D:5
   Lair: D:8-11         Orc: D:9-12

Altars:
Ashenzari
Cheibriados
Dithmenos
Elyvilon
Fedhas
Gozag
Hepliaklqana
Kikubaaqudgha
Makhleb
Nemelex Xobeh
Okawaru
Ru
Sif Muna
Trog
Uskayaw
Xom
The Shining One

Shops:
D:4 [   D:6 !   D:10 ?

Annotations:
D:4 Dowan, Duvessa
D:7 Harold
D:9 Erolcha
D:10 1 exclusion


Message History

Confirm with . or Enter, or press ? or * to list all spells.
Aiming: Freeze (safe; 1% risk of failure)
Press: ? - help, Shift-Dir - straight line, f - orc warrior
Aim: an orc warrior, wielding a trident and wearing a chain mail You freeze the orc warrior.
The orc warrior is lightly wounded.
The orc warrior hits you but does no damage.
The orc priest calls down the wrath of Beogh upon you.
Beogh smites you!
* * * LOW HITPOINT WARNING * * *
You feel much better. The orc warrior closely misses you.
The orc priest mumbles some strange prayers to Beogh against you.
Beogh smites you!
* * * LOW HITPOINT WARNING * * *
You feel much better.
The orc warrior hits you with a trident!
* * * LOW HITPOINT WARNING * * *
The orc priest mumbles some strange prayers to Beogh against you.
Beogh smites you!
You die...

#......†## #[.#
#......#.## ##..#
####..###.# ##÷..#
#.#.#.#######.#..#
#.##.........###.###
#.###########.#....#
#.# ##.###.#
#.########## #)# #.#
#....@oooo.# #.# #.#
##########.# #.# #.#
#.# #.# #.###
##o###.# #....
###..o##.###..##
#......o......##
#.###.#.........
#..÷..#.#.#.o...
#.#####...#...##


You could see an orc warrior, an orc priest and 2 orcs.

Vanquished Creatures
  5 two-headed ogres
  An orc knight (Bailey)
  2 trolls (D:9)
  2 hippogriffs
  A human (D:7)
  A yak (D:9)
  A hungry ghost (D:9)
  4 hogs (D:7)
  An acid dragon (D:9)
  10 orc warriors
  2 phantoms
  3 sky beasts
  5 ogres
  2 centaurs
  2 big kobolds
  4 bullfrogs
  A gnoll sergeant (D:9)
  3 water moccasin zombies (Ossuary)
  6 scorpions
  4 killer bees (D:10)
  A howler monkey (D:5)
  2 bullfrog zombies
  3 crimson imps
  3 hounds
  A jelly (D:8)
  3 orc priests
  9 orc wizards
  3 centaur skeletons
  2 iguanas
  7 worker ants
  A hound skeleton (D:6)
  2 mummies (Ossuary)
  A worker ant zombie (D:7)
  4 gnolls (D:9)
  17 adders
  2 shadow imps
  6 adder zombies
  2 adder skeletons
  A worm (D:4)
  5 leopard geckos
  26 orcs
  2 ball pythons
  5 bats
  20 giant cockroaches
  5 gnoll zombies (Ossuary)
  21 goblins
  12 hobgoblins
  10 jackals
  2 quokkas
  6 frilled lizards
  4 hobgoblin zombies (Ossuary)
  25 kobolds
  5 kobold zombies (Ossuary)
  A leopard gecko skeleton (D:9)
  5 orc zombies (Ossuary)
  10 rats
294 creatures vanquished.

Vanquished Creatures (collateral kills)
  Maurice (D:8)
1 creature vanquished.

Grand Total: 295 creatures vanquished

Notes
Turn   | Place    | Note
-------+----------+-------------------------------------------
     0 | D:1      | tilp the Merfolk Ice Elementalist began the quest for the
                  | Orb.
     0 | D:1      | Reached XP level 1. HP: 13/13 MP: 3/3
   253 | D:1      | Reached XP level 2. HP: 16/19 MP: 5/5
   258 | D:1      | Learned a level 2 spell: Throw Frost
   891 | D:2      | Reached XP level 3. HP: 22/24 MP: 3/6
  1402 | D:2      | Reached skill level 1 in Polearms
  1426 | D:2      | Found a white marble altar of Elyvilon.
  1700 | D:2      | Reached XP level 4. HP: 27/30 MP: 5/7
  1727 | D:2      | Reached skill level 2 in Polearms
  1727 | D:2      | Reached skill level 5 in Ice Magic
  2141 | D:3      | Learned a level 3 spell: Ozocubu's Armour
  2398 | D:3      | Reached skill level 3 in Polearms
  2541 | D:3      | Reached XP level 5. HP: 30/35 MP: 4/8
  2993 | D:4      | Noticed a phantom
  3103 | D:4      | Noticed Duvessa
  3127 | D:4      | Noticed Dowan
  3176 | D:4      | Reached skill level 4 in Polearms
  3435 | D:4      | Found Siubb's Antique Armour Shoppe.
  3438 | D:4      | Bought a pair of embroidered boots for 217 gold pieces
  3517 | D:4      | Found a hide-covered altar of Uskayaw.
  3517 | D:4      | Found a deep blue altar of Sif Muna.
  3517 | D:4      | Found a blossoming altar of Fedhas.
  3517 | D:4      | Found a burning altar of Makhleb.
  3523 | D:4      | Found a snail-covered altar of Cheibriados.
  3523 | D:4      | Found a shattered altar of Ashenzari.
  3530 | D:4      | Became a worshipper of Makhleb the Destroyer
  3895 | D:4      | Found a glowing golden altar of the Shining One.
  4196 | D:5      | Entered Level 5 of the Dungeon
  4204 | D:5      | Found a staircase to the Ecumenical Temple.
  4257 | D:5      | Reached XP level 6. HP: 41/41 MP: 4/9
  4292 | D:4      | Reached skill level 5 in Polearms
  4387 | Temple   | Entered the Ecumenical Temple
  4391 | Temple   | Reached skill level 6 in Polearms
  4740 | D:5      | Reached skill level 7 in Polearms
  4740 | D:5      | Reached XP level 7. HP: 46/46 MP: 0/10
  4947 | D:5      | Reached skill level 8 in Polearms
  6029 | D:4      | Bought a pair of gloves for 130 gold pieces
  6087 | D:6      | Found Dise Sas's Distillery.
  6190 | D:6      | Noticed a two-headed ogre
  6518 | D:6      | Reached skill level 9 in Polearms
  6630 | D:6      | Reached skill level 1 in Evocations
  6748 | D:6      | Found a sacrificial altar of Ru.
  7367 | D:7      | Reached XP level 8. HP: 43/52 MP: 0/11
  7375 | D:7      | Reached skill level 10 in Polearms
  7404 | D:7      | Found a sand-covered staircase.
  7414 | Ossuary  | Entered an ossuary
  7551 | Ossuary  | Reached * piety under Makhleb
  8128 | D:7      | Reached skill level 11 in Polearms
  8133 | D:7      | Reached skill level 12 in Polearms
  8142 | D:7      | Reached XP level 9. HP: 24/57 MP: 10/12
  8173 | D:7      | Reached skill level 13 in Polearms
  8480 | D:7      | Noticed Harold
  8679 | D:7      | Found a shadowy altar of Dithmenos.
  8777 | D:7      | Reached ** piety under Makhleb
  8982 | D:7      | Reached skill level 1 in Fighting
  9229 | D:8      | Reached skill level 14 in Polearms
  9304 | D:8      | Noticed Maurice
  9696 | D:8      | Got a scorched whip
 10296 | D:9      | Upgraded the game from 0.23-a0-269-g65e0026 to
                  | 0.23-a0-270-gab6feb3
 10304 | D:9      | Found a flagged portal.
 10366 | Bailey   | Entered a bailey
 10374 | Bailey   | Noticed an orc knight
 10430 | Bailey   | Reached skill level 5 in Dodging
 10607 | Bailey   | Reached *** piety under Makhleb
 10610 | Bailey   | Reached XP level 10. HP: 70/70 MP: 8/13
 10617 | Bailey   | Reached skill level 15 in Polearms
 10703 | Bailey   | Got a distressingly furry plate armour
 10729 | Bailey   | Killed an orc knight
 10971 | D:9      | Noticed a two-headed ogre
 10977 | D:9      | Killed a two-headed ogre
 10977 | D:9      | Reached skill level 16 in Polearms
 11217 | D:9      | Found a shimmering altar of Xom.
 11218 | D:9      | Found a hazy altar of Hepliaklqana.
 11219 | D:9      | Noticed a spectral ugly thing
 11307 | D:9      | Reached skill level 1 in Conjurations
 11307 | D:9      | Reached skill level 1 in Charms
 11320 | D:9      | Reached skill level 1 in Invocations
 11630 | D:9      | Noticed Erolcha
 11793 | D:9      | Noticed a two-headed ogre
 11803 | D:9      | Killed a two-headed ogre
 12235 | D:9      | Noticed a two-headed ogre
 12343 | D:9      | Reached XP level 11. HP: 74/77 MP: 11/16
 12357 | D:9      | Killed a two-headed ogre
 12486 | D:9      | Reached **** piety under Makhleb
 12511 | D:9      | Learned a level 4 spell: Throw Icicle
 12581 | D:9      | Reached skill level 5 in Invocations
 12903 | D:8      | Killed Maurice
 12903 | D:8      | Reached skill level 5 in Spellcasting
 12947 | D:6      | Killed a two-headed ogre
 13001 | D:6      | Bought a potion of mutation for 120 gold pieces
 13001 | D:6      | Bought a potion of brilliance for 60 gold pieces
 13001 | D:6      | Bought a potion of invisibility for 120 gold pieces
 13001 | D:6      | Bought a potion of ambrosia for 120 gold pieces
 13001 | D:6      | Bought a potion of curing for 45 gold pieces
 13001 | D:6      | Bought a potion of lignification for 45 gold pieces
 13112 | D:10     | Entered Level 10 of the Dungeon
 13220 | D:10     | Noticed a two-headed ogre
 13232 | D:10     | Killed a two-headed ogre
 13321 | D:10     | Found Guggurui's Magic Scroll Shop.
 13371 | D:10     | Bought a scroll of identify for 32 gold pieces
 13458 | D:10     | HP: 2/78 [orc priest/divine providence (9)]
 13460 | D:10     | Killed from afar by an orc priest

Vault maps used:
D:1:      scummos_arrival_star, st_stairs_6
D:2:      minmay_roachtagon, elyvilon_altar_4
D:3:      cheibrodos_greedy_goblins, first_ration, grunt_ministairs_8
D:4:      nicolae_tso_swordbearing_angel, minmay_overflow_temple_hex,
          serial_shops, kennysheep_mini, uniq_duvessa
D:5:      minmay_temple_entry_enclosed_plants, serial_bayou_pond_c,
          serial_bayou_lake_a
D:6:      lemuel_crystal_altar, serial_shops, shop_statue,
          grunt_decor_one_mirror
D:7:      lemuel_crystal_altar, nicolae_ossuary_entry_monument, grunt_livestock,
          uniq_harold
D:8:      uniq_maurice
D:9:      kennysheep_windowed_halls, regret_index_temple_of_mockery,
          enter_bailey_3, kennysheep_small_circle, uniq_erolcha
D:10:     serial_shops, nicolae_shop_stone, kennysheep_diamond,
          lemuel_blue_sif_altar
Temple:   dpeg_chambers_temple
Ossuary:  ossuary_tomb_2
Bailey:   bailey_axe_4, bailey

Skill      XL: |  1  2  3  4  5  6  7  8  9 10 11 |
---------------+----------------------------------+-----
Ice Magic      | 4 5 6 |  6.6
Polearms       | 1 3 4 7 9 12 14 16 | 16.1
Evocations     | 2 4 |  4.0
Dodging        | 5 6 |  6.5
Fighting       | 3 4 |  4.7
Conjurations   | 2 |  2.2
Charms         | 3 4 |  4.2
Invocations    | 3 5 |  5.0
Spellcasting   | 3 6 |  6.0
Stealth        | |  2.1

Action                   |  1- 3 |  4- 6 |  7- 9 | 10-12 || total
-------------------------+-------+-------+-------+-------++-------
Melee: Short sword       |    40 |    43 |       |       ||    83
       Spear             |       |    30 |   126 |       ||   156
       Halberd           |       |       |   334 |   294 ||   628
       Tailslap          |       |       |     1 |       ||     1
Throw: Tomahawk          |     1 |     4 |     8 |       ||    13
 Cast: Freeze            |    49 |    79 |    76 |    26 ||   230
       Ozocubu's Armour  |       |     3 |    25 |    18 ||    46
       Throw Frost       |       |     4 |     5 |     1 ||    10
Invok: Lesser Servant of |       |       |       |     2 ||     2
Evoke: Wand              |       |       |       |    13 ||    13
  Use: Scroll            |       |     5 |    11 |     5 ||    21
       Potion            |       |       |       |     4 ||     4
 Stab: Sleeping          |     4 |     7 |     7 |     4 ||    22
       Distracted        |       |       |     1 |       ||     1
       Paralysed         |       |       |       |    13 ||    13
  Eat: Chunk             |     3 |     8 |    14 |    13 ||    38
       Ration            |       |     1 |     3 |       ||     4
Armor: Robe              |     5 |    25 |   120 |    69 ||   219
       Skin              |       |       |       |    34 ||    34
Dodge: Dodged            |    51 |    90 |   256 |   160 ||   557
       Deflected         |       |     2 |    13 |     4 ||    19

Table legend:
 A = Non-vault XP
 B = Vault XP
 C = Vault XP percentage of total XP
 D = Non-vault monster count
 E = Vault monster count
 F = Vault count percentage of total count
                 A         B        C        D         E       F
            +---------+---------+-------+---------+---------+-------
      Total |    8789 |    5671 |  39.2 |     191 |     104 |  35.3
            +---------+---------+-------+---------+---------+-------
        D:1 |      29 |       2 |   6.5 |      18 |       1 |   5.3
        D:2 |      46 |      20 |  30.3 |      23 |      10 |  30.3
        D:3 |      83 |      14 |  14.4 |      19 |       8 |  29.6
        D:4 |     167 |       0 |   0.0 |      11 |       0 |   0.0
        D:5 |     357 |       0 |   0.0 |      15 |       0 |   0.0
        D:6 |    1225 |       0 |   0.0 |      12 |       0 |   0.0
        D:7 |     941 |     981 |  51.0 |      21 |       5 |  19.2
        D:8 |     765 |     331 |  30.2 |      29 |       1 |   3.3
        D:9 |    3216 |    2707 |  45.7 |      27 |      23 |  46.0
       D:10 |    1847 |       0 |   0.0 |      14 |       0 |   0.0
     Temple |     113 |       0 |   0.0 |       2 |       0 |   0.0
    Ossuary |       0 |     317 | 100.0 |       0 |      29 | 100.0
     Bailey |       0 |    1299 | 100.0 |       0 |      27 | 100.0
            +---------+---------+-------+---------+---------+-------
